Cogmind - Beta 14 @@@ ROGUE MODE // 2024.11.24 @ 16:55:23 Player: Fangrelle Result: Destroyed by 39-GDQ(R) with Subdweller Beam Cannon Performance ------------- Evolutions (0) 0 Regions Visited (3) 600 Robots Destroyed (28) 140 Value Destroyed (618) 618 Prototype IDs (0) 0 Alien Tech Used (0) 0 Bonus (0) 0 TOTAL SCORE: 1358 Bonus ------- None Cogmind --------- Core Integrity 0/250 Matter 300/300 Energy 100/100 System Corruption 0% Temperature Cool (9) Movement Core (3350) Ox66 Location -10/Subcaves Parts ------- > --- POWER (1) -------- (None) > --- PROPULSION (2) --- (None) > --- UTILITY (2) ------ Humpback > --- WEAPON (2) ------- (None) > --- INVENTORY (35) --- Makeshift System Restoration Module Peak State ------------ > --- POWER ------------ Light Nuclear Core > --- PROPULSION ------- Light Treads Light Treads > --- UTILITY ---------- Hardened Light Armor Plating Makeshift System Restoration Module > --- WEAPON ----------- Beamcaster Subdweller Beam Cannon > --- INVENTORY -------- Hardened Light Armor Plating Subdweller Beam Cannon Grenade Launcher [Rating: 18] Favorites ----------- Power Light Nuclear Core Engine Ion Engine Power Core Light Nuclear Core Propulsion Light Treads Treads Light Treads Leg Aluminum Leg Wheel Wheel Utility Scrap Shield Device Makeshift System Restoration Module Storage High-capacity Storage Unit Protection Scrap Shield Weapon Beamcaster Energy Gun Beamcaster Energy Cannon Subdweller Beam Cannon Ballistic Gun Heavy Assault Rifle Slashing Weapon Mining Claw Build | -11 -10 -10 -10 ------- Run | Yrd Mat Min Sub Slots Evolved . | . . . . Power . | . . . . Propulsion . | . . . . Utility . | . . . . Weapon . | . . . . Parts Attached 25 | . 10 1 14 Power 3 | . . . 3 Engine 2 | . . . 2 Core 1 | . . . 1 Reactor . | . . . . Propulsion 4 | . 4 . . Treads 2 | . 2 . . Leg . | . . . . Wheel 2 | . 2 . . Hover . | . . . . Flight . | . . . . Utility 12 | . 3 1 8 Device 1 | . . . 1 Storage 2 | . 1 . 1 Processor . | . . . . Hackware . | . . . . Protection 9 | . 2 1 6 Artifact . | . . . . Weapon 6 | . 3 . 3 Energy Gun 2 | . . . 2 Energy Cannon 1 | . . . 1 Ballistic Gun 2 | . 2 . . Ballistic Cannon . | . . . . Launcher . | . . . . Special Weapon . | . . . . Impact Weapon . | . . . . Slashing Weapon 1 | . 1 . . Piercing Weapon . | . . . . Special Melee Weapon . | . . . . Unidentified Prototypes . | . . . . Parts Lost 9 | . . 1 8 Power 2 | . . . 2 Propulsion 2 | . . . 2 Utility 3 | . . 1 2 Weapon 2 | . . . 2 Highest Loss Streak 5 | . . 1 5 To Critical Strikes . | . . . . Average Slot Usage (%) 76 | . 97 99 66 Engine 4 | . 14 14 . Core 8 | . . . 13 Treads 14 | . 22 28 9 Storage 3 | . 4 14 . Protection 15 | . 21 13 14 Energy Gun 15 | . . . 22 Energy Cannon 2 | . . . 4 Ballistic Gun 9 | . 27 28 1 Peak Build Rating 18 | . 11 12 18 Average Rating 14 | . 10 11 15 On Entrance 8 | 6 6 11 12 Naked Turns . | . . . . Heaviest Build 56 | 14 56 56 56 Greatest Support 40 | 20 40 40 40 Greatest Overweight (x) 10 | . 1 1 10 Average Overweight (x) 2 | . . 1 4 Largest Inventory Capacity 35 | . 20 20 35 Average Capacity 8 | . 7 20 5 Most Carried 18 | . 15 18 18 Average Carried 7 | . 6 16 5 Final Capacity 35 | 8 20 20 35 Final Carried 18 | 6 15 18 1 Class Distribution -------------------- 83% | Mutant 16% | Scavenger-Mutant Dominant Class ---------------- Mutant | -10/Materials Mutant | -10/Mines Mutant | -10/Subcaves Resources | -11 -10 -10 -10 ----------- Run | Yrd Mat Min Sub Matter Collected 809 | 200 108 293 208 Remotely . | . . . . Salvage Created 824 | . 237 217 370 Parts 63 | . 24 18 21 Haulers Intercepted 1 | . 1 . . Recyclers Shooed . | . . . . Parts Field Recycled . | . . . . Retrieved Matter . | . . . . Parts Self-Destructed 4 | . . . 4 Prevented . | . . . . Kills | -11 -10 -10 -10 ------- Run | Yrd Mat Min Sub Combat Hostiles Destroyed 25 | . 8 9 8 Guns 23 | . 8 9 6 Cannons 2 | . . . 2 Classes Destroyed 6 | . 5 . 1 Worker 1 | . 1 . . Hauler 1 | . 1 . . Watcher 1 | . 1 . . Swarmer 13 | . 7 6 . Grunt 4 | . 1 3 . Subdweller 8 | . . . 8 Best Kill Streak 3 | . 3 3 2 Combat Bots Only 3 | . 3 3 2 Max Kills in Single Turn 2 | . 2 2 1 Gunslinging 1 | . . 1 . Exploded . | . . . . Melee . | . . . . Uniques/NPCs Destroyed . | . . . . Combat | -11 -10 -10 -10 -------- Run | Yrd Mat Min Sub Hostile Shots Fired 168 | . 45 41 82 Missed 38 | . 10 8 20 Damage Taken 1942 | . 286 279 1377 Core 265 | . 27 14 224 Absorbed by Shields . | . . . . Core Remaining (%) 100 | 100 . . . Volleys Fired 103 | . 29 15 59 Largest 2 | . 2 2 2 Hottest 155 | . 46 46 155 Shots Fired 194 | . 58 30 106 Gun 185 | . 58 30 97 Cannon 9 | . . . 9 Launcher . | . . . . Special . | . . . . Kinetic 114 | . 58 30 26 Thermal 58 | . . . 58 Explosive . | . . . . Electromagnetic 22 | . . . 22 Robot Hit Streak 13 | . 4 4 13 Robot Miss Streak 4 | . 4 4 2 Penetration Max . | . . . . Secondary Targets 3 | . 1 2 . Max Gunslinging Chain 1 | . 1 1 . Shots Hit Robots 95 | . 29 14 52 Core Hits 36 | . 13 10 13 Critical Kills . | . . . . Critical Parts Destroyed . | . . . . Critical Strikes 3 | . . . 3 Burn 3 | . . . 3 Melee Attacks 1 | . 1 . . Impact . | . . . . Slashing 1 | . 1 . . Piercing . | . . . . Sneak Attacks . | . . . . Combat Hostiles . | . . . . Follow-up Attacks . | . . . . Damage Inflicted 1584 | . 480 256 848 Guns 1438 | . 480 256 702 Cannons 137 | . . . 137 Explosions . | . . . . Melee . | . . . . Ramming 9 | . . . 9 Kinetic 980 | . 480 256 244 Thermal 492 | . . . 492 Explosive . | . . . . Electromagnetic 103 | . . . 103 Impact . | . . . . Slashing . | . . . . Piercing . | . . . . Highest Corruption 2 | . 2 2 2 Average Corruption 1 | . 2 2 1 Corruption Purged 2 | . . . 2 Corruption Blocked . | . . . . Effects 27 | . 5 14 8 Message Errors 5 | . 2 3 . Matter Fused 6 | . 1 4 1 Heat Flow Errors 4 | . . 1 3 Energy Discharges 4 | . 1 3 . Data Loss (minor) 3 | . 1 1 1 Data Loss (major) 4 | . . 2 2 Alerts 1 | . . . 1 Overload Shots . | . . . . Overflow Damage . | . . . . Projectiles . | . . . . Explosions . | . . . . Melee . | . . . . Knockbacks . | . . . . Impact . | . . . . Kinetic . | . . . . Secondary . | . . . . Self-Inflicted Damage 3 | . . . 3 Shots . | . . . . Rammed 8 | . . . 8 Targets Rammed 8 | . . . 8 Kicked . | . . . . Crushed . | . . . . Highest Temperature 288 | . 87 169 288 Average Temperature 54 | . 33 66 63 Received Heat Transfer 650 | . 24 21 605 Siege Activations . | . . . . Robots Corrupted . | . . . . Combat Hostiles . | . . . . Parts Fried 2 | . . . 2 Impact Corruptions . | . . . . Robots Melted . | . . . . Combat Hostiles . | . . . . Parts Melted 1 | . . . 1 Heat Transferred 1036 | . . . 1036 Parts Sabotaged . | . . . . Parts Stolen . | . . . . Parts Stripped . | . . . . Power Chain Reactions . | . . . . Alert | -11 -10 -10 -10 ------- Run | Yrd Mat Min Sub Peak Influence 208 | . 208 189 . Initial 49 | . . 49 . Average 68 | . 81 58 . Maximum Alert Level 1 | . 1 . . Low Security (%) 96 | . 92 100 . Level 1 3 | . 7 . . Level 2 . | . . . . Level 3 . | . . . . Level 4 . | . . . . Level 5 . | . . . . High Security . | . . . . Max Security . | . . . . Squads Dispatched 1 | . 1 . . Investigation . | . . . . Extermination . | . . . . Reinforcement 1 | . 1 . . Assault . | . . . . Garrison . | . . . . Intercept . | . . . . Searches Triggered . | . . . . Construction Impeded . | . . . . Haulers Reinforced . | . . . . Active Scanning Responses . | . . . . Cargo Convoy Interrupts . | . . . . Stealth | -11 -10 -10 -10 --------- Run | Yrd Mat Min Sub Distress Signals 2 | . 2 . . Communications Jammed . | . . . . Distress Signals . | . . . . Times Spotted 37 | . 17 9 11 Peak Tracking Total 4 | . 4 3 2 Tactical Retreats 2 | . 2 . . Traps | -11 -10 -10 -10 ------- Run | Yrd Mat Min Sub Traps Triggered 1 | . 1 . . Indirectly . | . . . . Trap Hack Attempts . | . . . . Triggered . | . . . . Disarmed . | . . . . Reprogrammed . | . . . . Reused . | . . . . Traps Extracted . | . . . . Installed 1 | . . . 1 Triggered . | . . . . Machines | -11 -10 -10 -10 ---------- Run | Yrd Mat Min Sub Machines Disabled . | . . . . Max in Single Turn . | . . . . Machines Repaired . | . . . . Machines Dismantled . | . . . . Machines Sabotaged . | . . . . Overloaded Fab Kills . | . . . . Hacking | -11 -10 -10 -10 --------- Run | Yrd Mat Min Sub Machines Accessed 10 | . 9 . 1 Terminals 7 | . 7 . . Fabricators . | . . . . Repair Stations . | . . . . Recycling Units 2 | . 2 . . Scanalyzers . | . . . . Garrison Access . | . . . . Total Hacks 33 | . 30 . 3 Successful 19 | . 16 . 3 Failed 14 | . 14 . . Catastrophic 1 | . 1 . . Database Lockouts . | . . . . Manual 25 | . 25 . . Terminals 27 | . 27 . . Fabricators . | . . . . Repair Stations . | . . . . Recycling Units 3 | . 3 . . Scanalyzers . | . . . . Garrison Access . | . . . . Terminal Hacks 9 | . 6 . 3 Record 3 | . . . 3 Robot Analysis 3 | . 3 . . Branch Access Points 1 | . 1 . . Zone Layout 2 | . 2 . . Fabricator Hacks . | . . . . Repair Station Hacks . | . . . . Recycling Unit Hacks 1 | . 1 . . Retrieve Components 1 | . 1 . . Scanalyzer . | . . . . Garrison Access Hacks . | . . . . Unauthorized Hacks 9 | . 9 . . Terminals 9 | . 9 . . Botnet 6 | . 6 . . Operators 1 | . 1 . . Skim 2 | . 2 . . Fabricators . | . . . . Repair Stations . | . . . . Recycling Units . | . . . . Scanalyzers . | . . . . Garrison Access . | . . . . Data Cores Recovered . | . . . . Used . | . . . . Hacking Detections 9 | . 9 . . Full Trace Events . | . . . . Feedback Events . | . . . . Feedback Blocked . | . . . . Robot Schematics Acquired . | . . . . Robots Built . | . . . . Authchips . | . . . . Time . | . . . . Total Robot Build Rating . | . . . . Part Schematics Acquired . | . . . . Parts Built . | . . . . Authchips . | . . . . Time . | . . . . Total Part Build Rating . | . . . . Parts Repaired . | . . . . Time . | . . . . Parts Recycled . | . . . . Recycled Matter . | . . . . Retrieved Matter . | . . . . Retrieved Components 1 | . 1 . . Parts Scanalyzed . | . . . . Part Schematics Acquired . | . . . . Parts Damaged . | . . . . Bothacking | -11 -10 -10 -10 ------------ Run | Yrd Mat Min Sub Used RIF Installer . | . . . . Robots Hacked . | . . . . Non-combat . | . . . . Combat . | . . . . Robot Hacks Applied . | . . . . Relay Couplers Released . | . . . . Fabnet Peak Effective % . | . . . . Robots Rewired . | . . . . Allies Hacked . | . . . . Hacks Repelled . | . . . . Allies | -11 -10 -10 -10 -------- Run | Yrd Mat Min Sub Total Allies 1 | . . 1 . Largest Group 1 | . . 1 1 Highest-Rated Group 31 | . . 31 31 Highest-Rated Ally 31 | . . 31 31 Total Orders . | . . . . Ally Attacks 3 | . . . 3 Total Damage 41 | . . . 41 Kills . | . . . . Allies Corrupted . | . . . . Allies Melted . | . . . . Intel | -11 -10 -10 -10 ------- Run | Yrd Mat Min Sub Robot Analysis Total 3 | . 3 . . Derelict Logs Recovered 3 | . . 2 1 Drone Launches . | . . . . Drone Recoveries . | . . . . Exploration | -11 -10 -10 -10 ------------- Run | Yrd Mat Min Sub Turns Passed 6790 | . 890 1234 4666 Spaces Moved 2323 | 1 537 459 1326 Core 527 | . . . 527 Treads 1633 | . 375 459 799 Legs 3 | 1 2 . . Wheels 160 | . 160 . . Hover . | . . . . Flight . | . . . . Fastest Speed 80 | 120 80 240 160 Average Speed 262 | 120 140 240 320 Slowest Speed 550 | 120 240 240 550 Overloaded Moves . | . . . . Propulsion Burnouts . | . . . . Robots Hopped . | . . . . Cave-ins Triggered . | . . . . Exploration Rate (%) 57 | 2 85 80 63 Regions Visited 3 Branch Regions 2 Pre-discovered Areas 3 | . . 2 1 Known Exits Taken 1 | . 1 . . Unknown Exits Taken 2 | 1 . 1 . Scrap Searched 11 | . . 3 8 Spaces Dug 1 | . 1 . . Terrain Destroyed 3 | . 1 . 2 Melee 1 | . 1 . . Projectile 2 | . . . 2 AOE . | . . . . Terrain Rammed . | . . . . Walls Destroyed . | . . . . Machines Disabled . | . . . . Actions | -11 -10 -10 -10 --------- Run | Yrd Mat Min Sub Total 2797 | . 614 562 1621 Wait 260 | . 3 84 173 Move 2320 | . 536 458 1326 Hop . | . . . . Pick Up 37 | . 20 4 13 Fast Attach 10 | . 4 . 6 Attach 8 | . . 1 7 Detach 1 | . 1 . . Swap 7 | . 6 . 1 Drop 36 | . 14 . 22 Fire 103 | . 29 15 59 Melee 1 | . 1 . . Ram 8 | . . . 8 Kick . | . . . . Crush . | . . . . Escape Stasis . | . . . . Rewire . | . . . . Trap 1 | . . . 1 Miscellaneous 5 | . . . 5 Route ------- -11/Scrapyard -10/Materials (discovered 4 exits: [*Mat x3] / *Min) -10/Mines (discovered 2 exits: [*Mat] / *Sub) -10/Subcaves (discovered 1 exit: [*Mat]) History --------- Turn | Location | Event 1 | -11/Scrapyard | Discovered new exit (range 0) 1 | -11/Scrapyard | Entered Materials 57 | -10/Materials | Discovered new exit (range 13) 141 | -10/Materials | Discovered new exit (range 6) 308 | -10/Materials | Build established: Mutant 375 | -10/Materials | Discovered new exit (range 5) 526 | -10/Materials | Identified exit to Mines 891 | -10/Materials | Entered Mines 975 | -10/Mines | Learned location of Storage (-8) 1555 | -10/Mines | Escorted by a lone wolf Derelict 1557 | -10/Mines | Discovered new exit (range 5) 1788 | -10/Mines | Learned location of Zion (-6) 2044 | -10/Mines | Discovered new exit (range 9) 2125 | -10/Mines | Entered Subcaves 2125 | -10/Subcaves | Accompanied by 1 ally 2423 | -10/Subcaves | Shifting Twisted Machinery released Sub. Beam Cannon 2428 | -10/Subcaves | Shifting Twisted Machinery released Flamer 2723 | -10/Subcaves | Build established: Scavenger-Mutant 3050 | -10/Subcaves | Visited Clippyterm 3055 | -10/Subcaves | Learned Research machine intel 3225 | -10/Subcaves | Met a Zionite searching for "candidates" 4043 | -10/Subcaves | Discovered new exit (range 8) 4057 | -10/Subcaves | Build established: Mutant 4242 | -10/Subcaves | Learned location of 1 exit from Materials 6776 | -10/Subcaves | Core integrity fell below 50% 6787 | -10/Subcaves | Core integrity fell below 20% 6791 | -10/Subcaves | Destroyed by 39-GDQ(R) with Subdweller Beam Cannon Last Messages --------------- 05067_ YK-O1K(u) builds Twisted Machinery. 05532_ YK-O1K(u) tweaks Twisted Machinery. 05600_ YK-O1K(u) builds Twisted Machinery. 06737_ Riot Gun destroyed. 06743_ Critical hit (Meltdown: +260). 06746_ MG-IU1(R) suffers critical hit (Burn). 06747_ Beamcaster destroyed. 06757_ Slammed into MG-IU1(R). 06762_ Scrap Shield destroyed. 06766_ Acquired 5 matter. 06766_ Slammed into MG-IU1(R). 06777_ Scrap Shield destroyed. 06778_ Slammed into MG-IU1(R). 06778_ Destabilizing: Core damaged (-2). 06779_ Slammed into MG-IU1(R). 06781_ Acquired 5 matter. 06781_ Slammed into MG-IU1(R). 06781_ Lgt. Nuclear Core broken. 06781_ Destabilizing: Short circuit. 06787_ Broken Lgt. Nuclear Core destroyed. Map ----- +----------------------------------------------------+ | ???????????????????????????????????????????????## | | ??????????????????????????????????????????????## # | | ?????????????????????????????????????????????## # | | ????????????????????????????????????????????## ## | | ???????????????????????????????????????????## ###? | | ??????????????????????????????????????????## ##??# | | ??????????????????????????????????????????# # ##?# | | ??????????????????????????????????????????#### # # | | ????????????????????????????????????????????## #? | | ???????????????????????????????????????????## ###? | | ??????????????????????????????????????????## ##??? | | ??????????????????????????????#""?????????# ##???? | | ??????????????????????????????#" ???????# ####?? | | ??????????????????????????????#" ?????# ## ##? | | ????????????????????????????????? ???# # # ## | | ????????????????????????????????????? ## | | ????????????????????????????????????????# ##### # | | ????????????????????????????????????????## #???## | | ?????????????????????????????????????????###?????# | | ???????????????????????????????????????????###???? | | ??????????????????????????????????????????## ##??? | | ?????????????????????????????????????????##%# ##?? | | ????????? ???????????###?#####?????????## ### ##? | | ??????? ####### ### ###?????### ##?## ## | | ??????? %% R #?????# ##???## # | | ??????? R % @ #????## ##?????## | | ??????? # # ;; ## # ###?##"##???????## | | ???????? ??#?########### # ### ##?????????# | | ???????? ?????????????????# # ##????????? | | ????????? ????????????????????## ###### #????????? | | ???????????????????????????????###???# ##????????? | | ?????????????????????????????????????###?????????? | | ?????????????????????????????????????????????????? | | ?????????????????????????????????????????????????? | | ?????????????????????????????????????????????????? | | ?????????????????????????????????????????????????? | | ?????????????????????????????????????????????????? | | ?????????????????????????????????????????????????? | | ?????????????????????????????????????????????????? | | ?????????????????????????????????????????????????? | | ?????????????????????????????????????????????????? | | ?????????????????????????????????????????????????? | | ?????????????????????????????????????????????????? | | ?????????????????????????????????????????????????? | | ?????????????????????????????????????????????????? | | ?????????????????????????????????????????????????? | | ?????????????????????????????????????????????????? | | ?????????????????????????????????????????????????? | | ?????????????????????????????????????????????????? | | | +----------------------------------------------------+ Best States ------------- Heat Dissipation 25 Energy Generation 15 Energy Capacity 250 Matter Stores 300 Matter Capacity 300 Sight Range 16 Terrain Scan Density 10 Armor Coverage 800 Evasion (%) 44 Recoil Reduction 2 Item Schematics ----------------- None Robot Schematics ------------------ None Fabricated ------------ Nothing Alien Tech Used ----------------- None Achievements -------------- None Challenges ------------ None Game ------ Seed LatentFactoryLog Manual? 0 Play Time 00:19:25 Cumulative 134.6 hours Start 2024.11.24 @ 16:36:08 End 2024.11.24 @ 16:55:23 Sessions 1 Manual Loads 0 Difficulty Rogue Special Mode None Game No. 260 Rogue 260 Adventurer 0 Explorer 0 Win Type - Total 0 Types 0/0/0/0/0/0/0/0/0 Lore% 43 Gallery% 41 Achievement% 36 Wizard Run 0 Options --------- Layout 0 ASCII 0 Keyboard 0 Movement Mouse Keybinds 0 Fullscreen 1 Font 24/Smallcaps Map View 91x25 Zoom Use 97% Tactical HUD 1 Map Filters NONE Filters NONE Steam 1 RUN: 76ee4a29-c723-4300-88ef-2c69a871b80b